Map: Scalo orbitale

Players

ELGAND - Winner!

  • Race: Terran Terran
  • League: Platinum

Jhyrachy

  • Race: Zerg Zerg
  • League: Silver

VOD

Have the link to the VOD?

Description

Time

  • Played on: Dec. 22, 2015, 4:05 p.m.
  • Length: 23:37
Show
View Real Time Build Order
Export as new Build Order

ELGAND Terran - Winner!

Build Orders: Reaper Expand, MMM Bio 

Get SALT Encoding   

  12  0:01  SCV  
  13  0:13  SCV  
  14  0:18  Supply Depot  
  14  0:25  SCV  
  15  0:45  SCV  
  15  0:46  Refinery  
  15  0:48  Barracks  
  16  0:58  SCV  
  17  1:10  SCV  
  18  1:53  Orbital Command  
  18  1:56  Command Center  
  18  1:58  Reaper  
  19  2:15  Supply Depot  
  19  2:20  SCV  
  20  2:38  Factory  
  20  2:41  SCV  
  20  2:43  Refinery  
  21  2:44  Command Center  
  21  2:47  Reaper  
  22  3:08  SCV  
  22  3:09  Orbital Command  
  23  3:19  Barracks Tech Lab  
  23  3:20  SCV  
  23  3:21  Factory Tech Lab  
  23  3:23  Starport  
  24  3:30  Barracks Reactor  
  24  3:40  SCV x2  
  25  3:52  SCV x2  
  27  4:00  Engineering Bay  
  27  4:04  SCV x2  
  29  4:25  Banshee, Barracks Tech Lab, Barracks  
  29  4:26  Cloaking Field  
  29  4:29  SCV x2  
  29  4:30  Refinery  
  29  4:31  Refinery  
  34  4:32  Orbital Command  
  34  4:38  Hellion x2  
  38  4:41  SCV x2  
  40  4:47  Stimpack  
  40  4:53  SCV  
  40  4:57  SCV  
  42  5:05  SCV  
  42  5:08  Banshee  
  42  5:09  SCV  
  42  5:10  Hellion x2  
  42  5:11  SCV  
  51  5:16  Barracks  
  51  5:19  Barracks Reactor  
  51  5:21  SCV  
  51  5:23  SCV  
  55  5:28  Marauder  
  55  5:33  SCV x2  
  57  5:35  SCV  
  58  5:45  SCV  
  59  6:32  Marine x2  
  61  6:34  Barracks Reactor, Barracks  
  61  6:43  Supply Depot  
  61  6:44  Supply Depot  
  61  6:47  Terran Infantry Weapons Level 1  
  61  6:50  Engineering Bay  
  61  6:52  Refinery  
  61  6:53  Refinery  
  61  6:58  Missile Turret  
  61  7:00  Missile Turret  
  61  7:01  Missile Turret  
  61  7:04  Widow Mine x2  
  61  7:05  Banshee, SCV  
  61  7:06  Marauder, SCV x2  
  61  7:07  Supply Depot  
  73  7:14  Supply Depot  
  73  7:17  SCV  
  73  7:18  SCV x2  
  73  7:22  Missile Turret, Marine  
  77  7:29  Marine x5, SCV  
  83  7:30  SCV  
  83  7:34  Supply Depot  
  83  7:35  Terran Infantry Armor Level 1  
  84  7:38  Supply Depot  
  84  7:40  Marine  
  84  7:41  Supply Depot  
  85  7:46  Marine x2  
  87  7:53  SCV x3  
  87  7:55  Marine x3  
  87  7:56  Widow Mine x2  
  87  7:58  Marine  
  98  8:04  Marine  
  98  8:05  SCV x3  
  96  8:22  Missile Turret  
  96  8:26  Missile Turret  
  96  8:36  Liberator x2  
  96  8:43  Missile Turret  
  102  8:58  Barracks Reactor  
  102  9:00  Barracks  
  102  9:09  Command Center  
  101  9:11  Missile Turret  
  97  9:19  Liberator x2  
  95  9:28  Marine x4  
  103  9:45  Marine  
  103  9:46  Marine x3  
  107  10:03  Marine  
  107  10:04  Marine  
  109  10:15  Missile Turret x2  
  109  10:16  Missile Turret  
  109  10:20  Marine x2  
  111  10:21  Marine  
  111  10:22  Marine  
  111  10:25  Orbital Command  
  113  10:38  Marine x3  
  113  10:39  Command Center, Marine x3  
  113  10:40  Supply Depot  
  113  10:41  Medivac x2  
  123  10:56  Marine  
  124  10:58  Barracks Reactor, Combat Shields  
  124  11:02  Marine  
  124  11:03  Supply Depot  
  124  11:04  Barracks  
  125  11:08  Barracks  
  125  11:11  Medivac x2  
  129  11:16  Orbital Command  
  107  11:41  Medivac  
  97  11:53  Barracks  
  75  12:07  Marine x8  
  77  12:17  Widow Mine x2  
  77  12:20  Missile Turret  
  81  12:23  Barracks Reactor x2  
  81  12:25  Orbital Command, Marine x8  
  86  12:42  Marine  
  86  12:43  Marine x4  
  91  12:46  Widow Mine x2  
  91  12:47  SCV  
  96  12:59  SCV  
  96  13:01  Armory  
  97  13:07  Missile Turret  
  97  13:08  Missile Turret  
  97  13:11  SCV  
  98  13:14  Marine  
  98  13:15  Marine x12  
  111  13:23  SCV  
  112  13:32  Marine  
  112  13:33  Marine x10  
  123  13:35  SCV  
  123  13:37  Refinery  
  123  13:38  Command Center, Refinery  
  124  14:05  Marine  
  124  14:06  Marine x12  
  124  14:08  Widow Mine x2  
  141  14:10  Medivac x2  
  145  14:22  Supply Depot  
  145  14:23  Marine x6  
  145  14:24  Liberator, Marine x4, Supply Depot x2  
  153  14:27  Marine x2, Liberator  
  155  14:38  Marine  
  155  14:39  Widow Mine  
  155  14:40  Widow Mine  
  155  14:41  Marine  
  155  14:44  Marine  
  157  14:46  Marauder, Marine  
  157  14:47  Marine x8  
  157  14:52  Planetary Fortress  
  168  14:54  Orbital Command  
  168  14:56  Missile Turret, Marauder  
  168  14:57  Missile Turret  
  168  14:58  Marine  
  167  15:01  Marine  
  167  15:02  Supply Depot  
  167  15:03  Supply Depot x2, Terran Infantry Weapons Level 2  
  167  15:04  Terran Infantry Armor Level 2, Marine  
  167  15:05  Marine x6  
  172  15:07  Marauder, Liberator  
  172  15:11  Refinery  
  172  15:12  Refinery  
  172  15:17  Marauder  
  174  15:22  Barracks Reactor  
  179  15:28  Marauder  
  179  15:33  Barracks  
  179  15:34  Barracks  
  179  15:36  Supply Depot, Barracks  
  179  15:39  Marauder, Marine, Supply Depot  
  179  15:40  Marine x9, Supply Depot  
  193  15:50  Marauder  
  193  15:57  Marine  
  193  15:58  Marine x6  
  185  17:17  Marine  
  185  17:18  Marine x13  
  185  17:22  Barracks Reactor x3  
  199  17:35  Marine  
  200  17:46  Starport  
  200  17:49  Starport  
  200  17:52  Starport, Barracks x2  
  182  18:32  Liberator  
  182  18:33  Liberator x4  
  182  18:54  Marine x3  
  200  18:56  Marine  
  200  18:57  Marine x6  
  200  18:58  Marine  
  200  18:59  Marine x2  
  198  19:05  Marine x2  
  198  19:10  Terran Infantry Armor Level 3, Terran Infantry Weapons Level 3  
  198  19:15  Liberator x3  
  198  19:16  Liberator x2  
  186  19:19  Barracks Reactor x2  
  178  19:28  Missile Turret  
  178  19:31  Missile Turret  
  164  19:51  Missile Turret  
  161  19:55  Marine x7  
  161  19:56  Marine x17  
  185  20:13  Marine x10  
  185  20:14  Marine x5  
  200  20:32  Liberator  
  190  21:02  Marine  
  190  21:03  Marine x14  
  190  21:04  Marine x3  
  188  21:17  Marine  
  188  21:18  Missile Turret x3  
  186  21:19  Missile Turret x3  
  186  21:21  Missile Turret  
  186  21:22  Missile Turret  
  186  21:24  Missile Turret x2  
  157  21:40  Missile Turret  
  157  21:41  Missile Turret  
  157  21:44  Liberator x3  
  155  21:59  Missile Turret  
  155  22:03  Missile Turret  
  155  22:07  Missile Turret  
  164  22:09  Missile Turret  
  149  23:10  Supply Depot  
  149  23:12  Supply Depot  
  149  23:14  Supply Depot  
  149  23:15  Supply Depot  
  149  23:16  Supply Depot  
  149  23:19  Supply Depot x2  
Show
View Real Time Build Order
Export as new Build Order

Jhyrachy Zerg 

Build Orders: Hatch First 

Get SALT Encoding   

  12  0:01  Drone  
  13  0:08  Drone  
  14  0:18  Extractor  
  14  0:20  Extractor, Drone  
  13  0:22  Drone  
  13  0:28  Overlord  
  16  0:46  Drone  
  17  0:55  Hatchery  
  17  0:56  Drone  
  17  1:03  Drone  
  18  1:07  Extractor  
  17  1:11  Drone  
  18  1:19  Spawning Pool  
  18  1:22  Drone  
  18  1:52  Drone  
  18  1:53  Drone  
  18  1:54  Overlord  
  20  2:06  Queen  
  20  2:08  Queen  
  24  2:23  Drone x4  
  28  2:31  Drone  
  29  2:42  Drone x3  
  32  3:00  Zergling x4  
  34  3:05  Queen  
  34  3:10  Overlord x2  
  36  3:28  Queen  
  36  3:33  Roach Warren  
  37  3:38  Drone x5  
  42  3:54  Lair  
  42  4:04  Queen  
  44  4:11  Drone x3  
  44  4:12  Drone  
  48  4:28  Roach x2  
  48  4:29  Overlord  
  48  4:30  Overlord  
  52  4:37  Extractor  
  51  5:16  Queen x2  
  51  5:20  Hatchery  
  54  5:25  Extractor  
  53  5:41  Spire  
  52  5:46  Drone x3, Extractor  
  52  5:47  Drone  
  52  5:48  Drone  
  53  5:59  Spore Crawler  
  47  6:12  Spore Crawler  
  45  6:37  Queen  
  47  6:41  Drone x6  
  47  6:42  Drone x12  
  65  7:02  Extractor  
  64  7:12  Extractor  
  64  7:15  Queen  
  65  7:17  Queen  
  67  7:30  Overlord x4  
  67  7:31  Overlord x2  
  67  7:43  Mutalisk, Spine Crawler  
  63  7:44  Mutalisk x4  
  73  8:11  Mutalisk x10  
  93  8:13  Overseer  
  93  8:34  Mutalisk  
  93  8:35  Mutalisk x2  
  99  8:59  Drone x2  
  99  9:00  Drone  
  102  9:09  Drone x2  
  101  9:10  Drone x3  
  81  10:05  Corruptor x4  
  89  10:13  Metabolic Boost  
  89  10:14  Zergling x2  
  89  10:15  Zergling x28  
  104  10:43  Hatchery  
  103  10:58  Baneling Nest  
  102  11:04  Roach  
  102  11:05  Roach x5  
  102  11:06  Overlord x5  
  63  12:07  Mutalisk x11  
  63  12:08  Mutalisk x6  
  85  12:53  Queen x3  
  85  12:54  Queen  
  93  12:58  Zergling x2  
  93  12:59  Zergling x24  
  93  13:00  Zergling x16  
  114  13:27  Drone x8  
  114  13:29  Burrow, Pneumatized Carapace  
  114  13:32  Baneling  
  114  13:33  Baneling x15  
  114  13:34  Baneling x5  
  122  13:42  Overseer  
  117  14:42  Queen  
  105  15:31  Evolution Chamber  
  105  15:33  Glial Reconstitution  
  105  15:34  Evolution Chamber  
  103  15:38  Baneling x21  
  103  15:41  Mutalisk x9  
  103  15:42  Mutalisk x9  
  139  15:46  Zerg Flyer Weapons Level 1  
  139  15:56  Centrifical Hooks  
  139  16:05  Extractor  
  138  16:16  Hatchery  
  137  16:20  Baneling x5  
  137  16:23  Baneling  
  137  16:24  Baneling x4  
  126  16:45  Queen  
  125  17:00  Drone x13  
  125  17:01  Drone x6  
  141  17:18  Queen x2  
  141  17:19  Queen  
  141  17:21  Queen  
  149  17:31  Queen  
  149  17:36  Mutalisk x3  
  153  17:38  Overlord  
  153  17:39  Overlord x3  
  157  17:46  Baneling x16  
  157  18:04  Mutalisk  
  157  18:05  Mutalisk x15  
  175  19:06  Zerg Flyer Armor Level 1  
  167  20:11  Queen  
  167  20:12  Queen x2  
  173  20:30  Hatchery  
  168  20:40  Zergling x12  
  168  20:41  Zergling x12  
  153  20:44  Hatchery  
  144  21:14  Baneling  
  144  21:15  Baneling x15  
  144  21:16  Baneling x3  
Tags
 
Add a new tag
Caveats
  • Supply blocks, unpowered buildings, or Contaminate may cause inaccurate times.
  • Supply counts are checked every 10 seconds.